AoeStats
← AL. EviL DeEdZ

Fortress

509697300Analyzed
4v4 RM · 6d ago on Sep 27, 2026· 55m 18s· 8 players
Game mode
Random Map
Map size
Huge
Population
200
Speed
Normal
Resources
Standard
Victory
Conquest
Starting age
Dark Age
Ending age
Imperial Age
RankedLock teamsTeams togetherTeam positionsShared explorationLock speedFull tech treeHidden civsTurbo modeCheats
Victory
Defeat
🇦🇷 Spanish · Argentina
1387
+13
🇮🇳 Britons · India
1366
+14
🇩🇪 Burgundians · Germany
1355
+14
🇺🇸 Malians · United States
1336
+15
🇮🇳 Ethiopians · India
1468
-19
🇮🇳 Mongols · India
1392
-17
🇮🇳 Britons · India
1261
-12
🇮🇳 Hindustanis · India
1142
-8
whitewidow52
7:56 Feudal Age
12:06 Castle Age
10:18 Double-Bit Axe
10:38 Horse Collar
13:20 Wheelbarrow
13:36 Bow Saw
14:18 Loom
21:40 Scale Mail Armor
21:50 Forging
26:49 Imperial Age
25:10 Scale Barding Armor
25:23 Chain Mail Armor
25:43 Iron Casting
25:10 Man-at-Arms
25:54 Long Swordsman
26:42 Squires
26:27 Arson
26:59 Two-Handed Swordsman
28:59 Plate Mail Armor
28:37 Two-Handed Swordsman
30:03 Hand Cart
29:53 Heavy Plow
29:44 Champion
32:14 Chemistry
33:49 Farimba
36:22 Conscription
38:14 Pikeman
39:17 Fletching
46:10 Light Cavalry
47:01 Bloodlines
46:51 Husbandry
47:01 Scale Barding Armor
51:52 Caravan
GOGO
3:46 Double-Bit Axe
4:24 Horse Collar
9:11 Feudal Age
11:27 Bow Saw
13:30 Castle Age
11:35 Heavy Plow
11:34 Gold Mining
13:02 Wheelbarrow
15:33 Two-Man Saw
15:44 Hand Cart
16:56 Loom
18:17 Burgundian Vineyards
20:19 Cavalier
21:39 Forging
21:57 Loom
22:20 Husbandry
25:06 Crop Rotation
25:13 Gold Shaft Mining
28:44 Imperial Age
28:12 Iron Casting
27:42 Scale Barding Armor
27:31 Town Watch
28:19 Light Cavalry
29:16 Paladin
30:20 Guilds
29:55 Hussar
31:39 Blast Furnace
31:20 Chain Barding Armor
36:51 Fletching
37:38 Plate Barding Armor
37:04 Padded Archer Armor
37:03 Fletching
39:41 Elite Skirmisher
42:26 Bodkin Arrow
42:46 Leather Archer Armor
42:34 Scale Mail Armor
55:25 Conscription
Theoden_King
7:34 Feudal Age
11:58 Castle Age
10:43 Double-Bit Axe
10:40 Horse Collar
14:28 Bow Saw
19:06 Wheelbarrow
18:33 Loom
26:03 Heavy Plow
29:35 Hand Cart
29:51 Ballistics
32:26 Imperial Age
30:18 Fletching
30:29 Padded Archer Armor
30:31 Gold Mining
31:05 Bodkin Arrow
33:13 Gold Shaft Mining
32:35 Stone Mining
33:32 Yeomen
33:29 Bracer
33:32 Elite Skirmisher
34:32 Leather Archer Armor
34:50 Conscription
34:24 Elite Longbowman
37:40 Chemistry
36:21 Treadmill Crane
36:52 Fortified Wall
37:45 Ring Archer Armor
39:51 Siege Engineers
39:57 Masonry
40:36 Warwolf
47:51 Two-Man Saw
MicroAge
7:03 Feudal Age
11:00 Castle Age
9:25 Horse Collar
9:57 Double-Bit Axe
10:56 Loom
12:25 Padded Archer Armor
31:01 Imperial Age
30:44 Bow Saw
30:25 Gold Mining
32:48 Two-Man Saw
31:49 Heavy Plow
33:09 Elite Conquistador
34:10 Conscription
34:22 Scale Barding Armor
34:34 Bloodlines
36:14 Husbandry
36:07 Fletching
37:18 Hoardings
37:40 Chain Barding Armor
37:36 Leather Archer Armor
37:40 Stone Mining
39:46 Capped Ram
41:14 Ring Archer Armor
40:15 Light Cavalry
42:27 Wheelbarrow
44:20 Plate Barding Armor
43:34 Town Watch
45:27 Hussar
48:12 Forging
47:58 Bodkin Arrow
48:47 Caravan
49:18 Coinage
52:03 Iron Casting
51:28 Bracer
51:50 Hand Cart
51:36 Town Patrol
52:14 Banking
51:54 Guilds
54:05 Siege Ram
55:54 Stone Shaft Mining
[T41] Indian War Lord
8:28 Feudal Age
13:15 Castle Age
11:10 Double-Bit Axe
11:08 Horse Collar
12:23 Loom
12:38 Fletching
13:53 Wheelbarrow
14:16 Bodkin Arrow
23:24 Padded Archer Armor
29:34 Imperial Age
29:22 Bow Saw
29:17 Heavy Plow
29:35 Hand Cart
31:13 Elite Longbowman
34:22 Conscription
34:19 Caravan
34:33 Crossbowman
35:30 Bracer
35:23 Arbalester
38:46 Ballistics
39:00 Gold Mining
40:32 Chemistry
44:55 Fortified Wall
Sanskari Ladka
6:50 Feudal Age
10:35 Castle Age
9:53 Double-Bit Axe
9:50 Horse Collar
12:36 Bow Saw
13:12 Wheelbarrow
19:45 Loom
23:03 Wheelbarrow
22:31 Heavy Plow
23:11 Town Watch
26:45 Imperial Age
24:43 Fletching
24:54 Padded Archer Armor
25:58 Hand Cart
25:40 Bodkin Arrow
25:54 Gold Mining
25:54 Stone Mining
26:56 Leather Archer Armor
27:46 Bracer
28:49 Chemistry
28:17 Ballistics
28:14 Bloodlines
28:06 Husbandry
28:55 Conscription
28:45 Thumb Ring
29:09 Parthian Tactics
29:02 Elite Mangudai
30:32 Masonry
30:46 Fortified Wall
35:02 Caravan
40:10 Scale Barding Armor
40:15 Forging
42:14 Light Cavalry
43:16 Chain Barding Armor
43:31 Iron Casting
43:44 Hussar
45:22 Hoardings
AL. EviL DeEdZ
7:44 Feudal Age
12:05 Castle Age
10:02 Double-Bit Axe
11:21 Horse Collar
19:06 Scale Barding Armor
19:05 Scale Mail Armor
25:04 Loom
28:02 Wheelbarrow
30:07 Bow Saw
30:23 Heavy Plow
37:05 Imperial Age
34:52 Hand Cart
34:33 Gold Mining
34:33 Stone Mining
36:41 Fletching
36:51 Padded Archer Armor
37:30 Gold Shaft Mining
36:42 Town Watch
36:26 Crossbowman
36:41 Elite Skirmisher
37:56 Thumb Ring
38:45 Fortified Wall
38:45 Masonry
38:09 Arbalester
39:24 Bodkin Arrow
39:44 Leather Archer Armor
40:31 Chemistry
39:52 Ballistics
40:39 Bracer
42:10 Ring Archer Armor
MahaDeV
8:12 Feudal Age
12:16 Castle Age
10:18 Double-Bit Axe
10:33 Horse Collar
12:55 Wheelbarrow
14:31 Loom
18:48 Fletching
27:52 Imperial Age
25:59 Hand Cart
25:36 Gold Mining
25:37 Stone Mining
25:58 Forging
26:56 Bow Saw
27:23 Gold Shaft Mining
26:50 Scale Mail Armor
26:52 Town Watch
30:07 Two-Man Saw
29:09 Heavy Plow
29:34 Conscription
30:21 Chemistry
30:53 Caravan
31:56 Scale Barding Armor
32:26 Iron Casting
32:06 Bloodlines
33:31 Husbandry
32:52 Heavy Camel Rider
35:43 Chain Barding Armor
36:24 Blast Furnace
40:43 Chain Mail Armor
40:24 Bodkin Arrow
45:03 Elite Skirmisher
46:33 Padded Archer Armor
50:00 Hoardings
49:29 Shatagni
50:46 Murder Holes
51:12 Ballistics
51:09 Leather Archer Armor
52:06 Light Cavalry
Connection lost

Rejoining the realm…

Still unreachable

The connection could not be restored.

Session expired

The server has moved on; the page needs a fresh start.